 Dungeon Sprint DCSS version 0.27-a0-394-g49c82dfaf2 (webtiles) character file.

Game seed: 8173116239089094533

121 mhtbhm the Skirmisher (level 5, -2/38 HPs)
             Began as a Kobold Berserker on Feb 20, 2021.
             Was a Priest of Trog.
             Slain by an ice beast (13 damage)
             ... in the Dungeon (Sprint IX: "|||||||||||||||||||||||||||||").
             The game lasted 00:00:26 (63 turns).

mhtbhm the Skirmisher (Kobold Berserker)              Turns: 63, Time: 00:00:26

Health: -2/38      AC:  2    Str: 15    XL:     5   Next: 26%
Magic:  5/5        EV: 17    Int:  8    God:    Trog [***...]
Gold:   0          SH:  0    Dex: 15    Spells: 4/4 levels left

rFire    . . .     SeeInvis .   a - +0 mace
rCold    . . .     Faith    .   (shield restricted)
rNeg     . . .     Spirit   .   b - +0 animal skin
rPois    .         Reflect  .   (no helmet)
rElec    .         Harm     .   (no cloak)
rCorr    .         Rampage  .   (no gloves)
Will     ++...     NoTele   +   (no boots)
Stlth    ++........             (no amulet)
HPRegen  1.12/turn              (no ring)
MPRegen  0.09/turn              (no ring)

@: berserk cooldown, regenerating, slowed, very slow
A: small, nightstalker 3
a: Renounce Religion, Berserk, Trog's Hand


You were in the Dungeon.
You worshipped Trog.
Trog was most pleased with you.
You visited 1 branch

Inventory:

Hand Weapons
 a - a +0 mace (weapon)
Armour
 b - a +0 animal skin (worn)
Scrolls
 h - a scroll of blinking
Potions
 e - a potion of haste
 f - 2 potions of magic
 g - a potion of berserk rage


   Skills:
 + Level 7.2 Fighting
 + Level 6.1 Maces & Flails
 + Level 2.7 Armour
 + Level 4.6 Dodging


You had 4 spell levels left.
You didn't know any spells.
Your spell library was empty.

Dungeon Overview and Level Annotations

Branches:
Dungeon (1/1)

Altars:


Innate Abilities, Weirdness & Mutations

You are small and have problems with some larger weapons.
You are completely attuned to the shadows.


Message History

You are exhausted.
You feel yourself slow down.
* * * LOW HITPOINT WARNING * * *
You feel sick.
You feel better.
You feel much better.
The ice beast hits you but does no damage.
The ice beast completely misses you.
You aren't carrying any items that you can evoke.
Unknown command.
Okay, then.
You hit the ice beast.
The ice beast is moderately wounded.
The ice beast barely misses you.
Your skin crawls.
You feel strong-willed. The ice beast closely misses you.
The ice beast hits you. The ice beast freezes you.
You hit the ice beast.
The ice beast is moderately wounded.
The ice beast hits you. The ice beast freezes you!
A phantom comes into view.
The ice beast closely misses you.
You hit the ice beast.
The ice beast is moderately wounded.
The ice beast completely misses you.
You hit the ice beast but do no damage.
The ice beast is moderately wounded.
The ice beast hits you but does no damage.
The white imp grins evilly.
The ice beast closely misses you.
You completely miss the ice beast.
The ice beast is moderately wounded.
The ice beast hits you. The ice beast freezes you.
You hit the ice beast but do no damage.
The ice beast is moderately wounded.
The ice beast hits you.
* * * LOW HITPOINT WARNING * * *
The ice beast freezes you!
You die...

▓.▓
▓.▓
▓.▓
▓W▓
▓5▓
▓Y▓
▓@▓
▓.▓
▓†▓
▓(▓
▓.▓
▓.▓
▓.▓
▓<▓
▓▓▓


You could see a phantom, an ice beast and a white imp.

Vanquished Creatures
  A water moccasin (D)
  An adder (D)
  A leopard gecko (D)
  A goblin (D)
  A kobold (D)
  2 rats (D)
7 creatures vanquished.

Notes
Turn   | Place    | Note
-------+----------+-------------------------------------------
     0 | D        | mhtbhm the Kobold Berserker began the quest for the Orb.
     0 | D        | Reached XP level 1. HP: 14/14 MP: 1/1
     8 | D        | Reached ** piety under Trog
     9 | D        | Reached skill level 4 in Fighting
    12 | D        | Reached XP level 2. HP: 20/20 MP: 2/2
    41 | D        | Noticed an ice beast
    41 | D        | Noticed a water moccasin
    50 | D        | Killed a water moccasin
    51 | D        | Reached skill level 7 in Fighting
    51 | D        | Reached XP level 3. HP: 8/28 MP: 3/3
    51 | D        | Reached XP level 4. HP: 10/34 MP: 4/4
    51 | D        | Reached XP level 5. HP: 11/38 MP: 5/5
    52 | D        | Reached *** piety under Trog
    59 | D        | Noticed a phantom
    63 | D        | Slain by an ice beast

Illustrated notes

Levels and vault maps discovered:
D:        linesprint [early_d, line_temple, items_1, d_10, items_2, lair_1,
          lair_end, items_3, orc_1, orc_end, items_4, d_15, swamp_1, shoals_1,
          snake_1, spider_1, d_20, vaults_1, items_5, swamp_end, shoals_end,
          snake_end, spider_end, vaults_end, d_27, items_6, zot_1, zot_end,
          crypt_end, forest_end, elf_end, slime_end, tomb_end, abyss_end,
          pan_hell_end]

Skill      XL: |  1  2 |
---------------+-------+-----
Maces & Flails | 3 6 |  6.1
Fighting       | 4 7 |  7.2
Armour         | 2 |  2.7
Dodging        | 4 |  4.6

Action                   |  1- 3 |  4- 6 || total
-------------------------+-------+-------++-------
Melee: Mace              |    14 |     8 ||    22
Invok: Berserk           |     2 |       ||     2
       Trog's Hand       |       |     1 ||     1
  Use: Potion            |       |     2 ||     2
Armor: Animal skin       |     2 |     2 ||     4
Dodge: Dodged            |     3 |     6 ||     9

Table legend: (Time is in decaauts)
 A = Elapsed time spent in this place.
 B = Non-inter-level travel time spent in this place.
 C = Inter-level travel time spent in this place.
 D = Time resting spent in this place.
 E = Time spent auto-exploring this place.
 F = Levels seen in this place.
 G = Mean time per level.
                   A        B        C        D        E       F      G
               +--------+--------+--------+--------+--------+-----+--------+
         Total |     70 |     70 |      0 |     31 |      3 |   1 |   70.0 |
       Dungeon |     70 |     70 |      0 |     31 |      3 |   1 |   70.0 |
               +--------+--------+--------+--------+--------+-----+--------+

Top non-repeatable levels by time:
       D: 70 daAuts
